 Dungeon Crawl Stone Soup version 0.17.1-3-g152610e (webtiles) character file.

49 Gargoyl the Skirmisher (level 3, -1/30 HPs)
             Began as a Demonspawn Abyssal Knight on Mar 1, 2016.
             Was a Follower of Lugonu.
             Slain by Robin
             ... wielding a +0 falchion
              (2 damage)
             ... on level 2 of the Dungeon.
             The game lasted 00:03:49 (1748 turns).

Gargoyl the Skirmisher (Demonspawn Abyssal Knight)  Turns: 1748, Time: 00:03:49

Health: -1/30      AC:  3    Str: 15 (18) XL:     3   Next: 53%
Magic:  5/5        EV: 11    Int: 13      God:    Lugonu [*.....]
Gold:   125        SH:  0    Dex: 12      Spells: 0 memorised, 2 levels left

rFire  . . .     SeeInvis .     a - +1 hand axe
rCold  . . .     Clarity  +     b - +0 leather armour
rNeg   . . .     SustAt   .     (no shield)
rPois  .         Gourm    .     (helmet restricted)
rElec  .         Spirit   .     (no cloak)
rCorr  .         Warding  .     (no gloves)
rMut   .         Stasis   .     (no boots)
MR     .....                    p - amulet of clarity
Stlth  +.........               (no ring)
                                (no ring)

@: mighty, invisible, not resistant to hostile enchantments, very unstealthy
A: horns 2
a: Depart the Abyss, Renounce Religion


You were on level 2 of the Dungeon.
You worshipped Lugonu.
Lugonu was aware of your devotion.
You were not hungry.

You visited 1 branch of the dungeon, and saw 2 of its levels.
You visited the Abyss 1 time.

You collected 125 gold pieces.

Inventory:

Hand Weapons
 a - a +1 hand axe (weapon)
Armour
 b - a +0 leather armour (worn)
Jewellery
 p - an amulet of clarity (around neck)
Scrolls
 e - 3 scrolls of teleportation {unknown}
 f - 3 scrolls of enchant armour {unknown}
 g - a scroll of immolation {unknown}
 h - a scroll of enchant weapon {unknown}
 j - 2 scrolls of recharging {unknown}
 n - a scroll of identify {unknown}
 o - a scroll of magic mapping {unknown}
Potions
 i - a potion of degeneration
 q - a potion of lignification {unknown}
Comestibles
 k - a beef jerky
 l - a meat ration
 r - a slice of pizza


   Skills:
 + Level 3.8 Fighting
 + Level 1.8 Axes
 + Level 2.2 Armour
 + Level 1.5 Dodging
 + Level 0.2 Stealth
 + Level 2.7 Invocations


You had 2 spell levels left.
You didn't know any spells.

Dungeon Overview and Level Annotations

Branches:
Dungeon (2/15)

Altars:
Trog

Annotations:
D:2 Robin


Innate Abilities, Weirdness & Mutations

You have a pair of horns on your head.


Message History

You hit the goblin.
The goblin is heavily wounded.
The goblin hits you but does no damage. Robin hits you with a falchion.
* * * LOW HITPOINT WARNING * * *
The goblin closely misses you.
Drink which item? (? for menu, Esc to quit)
It was a potion of degeneration.
There was something very wrong with that liquid.
You feel weakened. Robin hits you with a falchion!
* * * LOW HITPOINT WARNING * * *
Drink which item? (? for menu, Esc to quit)
It was a potion of might.
You feel very mighty all of a sudden. The goblin hits you but does no damage.
Drink which item? (? for menu, Esc to quit)
It was a potion of invisibility.
You fade into invisibility!
Robin hits you with a falchion.
You die...

#♣.♣#♣#♣...#
#...#####..##
#...........#
####...######..#
........# #..# #
........# #†.#
#.# ........#
##.# ..
........#
#.###.##.##
........#
#.g@gg.....
........#
#.###.##.##
........# #.# ..
........# #.#
#.# ........#
#.# # ........#
#.# ........#
#.# ........#
#.# ##.######


You could see Robin, a hobgoblin (frenzied) and a goblin.

Vanquished Creatures
  3 giant geckos (D:1)
  4 giant cockroaches (D:1)
  7 hobgoblins
  3 jackals (D:1)
  5 bats
  12 goblins
  3 kobolds (D:1)
  7 rats
44 creatures vanquished.

Notes
Turn   | Place    | Note
--------------------------------------------------------------
     0 | Abyss:1  | Gargoyl the Demonspawn Abyssal Knight began the quest for the Orb.
     0 | Abyss:1  | Reached XP level 1. HP: 18/18 MP: 2/2
    41 | Abyss:1  | Noticed an ancient zyme
    54 | D:1      | Escaped the Abyss
   218 | D:1      | Reached * piety under Lugonu
   409 | D:1      | Gained mutation: You have a pair of small horns on your head. [demonic ancestry]
   409 | D:1      | Reached XP level 2. HP: 18/24 MP: 3/3
  1004 | D:1      | Reached skill level 1 in Dodging
  1179 | D:1      | Gained mutation: You have a pair of horns on your head. [demonic ancestry]
  1179 | D:1      | Reached XP level 3. HP: 22/30 MP: 5/5
  1470 | D:2      | Found a bloodstained altar of Trog.
  1715 | D:2      | Noticed Robin
  1746 | D:2      | HP: 1/30 [Robin/falchion (8)]
  1748 | D:2      | Slain by Robin

Action                   || total
-------------------------++-------
Melee: Hand axe          ||   126
Invok: Depart the Abyss  ||     1
  Use: Potion            ||     3
 Stab: Sleeping          ||     1
  Eat: Chunk             ||     2
       Bread ration      ||     1
